| TOP OF THE 1ST |
|
Cocoa Flyers batting - Pitching for St. Petersburg Saints : RHP Rich Zelaya
|
|
Pitching: RHP Rich Zelaya
|
|
|
Batting: RHB Danny Arroyo
|
0-0: Ball 1-0: Fly out, F5 (Popup, 25F, EV 86.9 MPH)
|
|
Batting: LHB Gary Robertson
|
0-0: Swinging Strike 0-1: Ball 1-1: Fly out, F9 (Flyball, 89D, EV 101.9 MPH)
|
|
Batting: LHB Mike Jones
|
0-0: Foul Ball, location: 2F 0-1: Ball 1-1: Ball 2-1: Foul Ball, location: 2F 2-2: Foul Ball, location: 2F 2-2: Foul Ball, location: 2F 2-2: Ball 3-2: SINGLE (Groundball, 6MD, EV 104.4 MPH)
|
|
Batting: RHB Larry McNutt
|
0-0: Ball 1-0: Ball 2-0: Called Strike 2-1: Called Strike Mike Jones steals 2nd base 2-2: Foul Ball, location: 2F 2-2: SINGLE (Groundball, 4MS, EV 63.1 MPH) (infield hit) Mike Jones to third
|
|
Batting: LHB Clint Hurdle
|
0-0: Called Strike 0-1: Ball 1-1: Ball 2-1: Foul Ball, location: 2F 2-2: Strikes out swinging
|
| Top of the 1st over - 0 runs, 2 hits, 0 errors, 2 left on base; Cocoa 0 - St. Petersburg 0 |
| BOTTOM OF THE 1ST |
|
St. Petersburg Saints batting - Pitching for Cocoa Flyers : RHP Scott Garrelts
|
|
Pitching: RHP Scott Garrelts
|
|
|
Batting: RHB Pablo Carballo
|
0-0: Ground out 6-3 (Groundball, 6, EV 98.1 MPH)
|
|
Batting: LHB Al Leboeuf
|
0-0: Ball 1-0: Ball 2-0: Ball 3-0: Base on Balls
|
|
Batting: LHB Terry Blocker
|
0-0: Ball 1-0: Fly out, F3 (Line Drive, 3, EV 66.9 MPH)
|
|
Batting: RHB Rock Coyle
|
0-0: Foul Ball, location: 2F 0-1: Ball 1-1: Fielders Choice at 2nd, 6-4 (Groundball, 6, EV 103.1 MPH)
|
| Bottom of the 1st over - 0 runs, 0 hits, 0 errors, 1 left on base; Cocoa 0 - St. Petersburg 0 |
| TOP OF THE 2ND |
|
Cocoa Flyers batting - Pitching for St. Petersburg Saints : RHP Rich Zelaya
|
|
Batting: SHB Michael Palmer
|
0-0: Ball 1-0: Foul Ball, location: 2F 1-1: Ball 2-1: Ball 3-1: Base on Balls
|
|
Pitching: LHP James Haight
|
|
|
Batting: RHB Lorenzo Quintanilla
|
0-0: Ball 1-0: Called Strike 1-1: Ball 2-1: Called Strike 2-2: Ball 3-2: Foul Ball, location: 2F 3-2: Foul Ball, location: 2F 3-2: Grounds into double play, 5-4-3 (Groundball, 56S, EV 85.0 MPH)
|
|
Batting: RHB Miguel Dominguez
|
0-0: Ball 1-0: SINGLE (Groundball, 6MD, EV 94.4 MPH)
|
|
Batting: RHB Jorge Diaz
|
0-0: Ground out 5-3 (Groundball, 56S, EV 90.6 MPH)
|
| Top of the 2nd over - 0 runs, 1 hit, 0 errors, 1 left on base; Cocoa 0 - St. Petersburg 0 |
| BOTTOM OF THE 2ND |
|
St. Petersburg Saints batting - Pitching for Cocoa Flyers : RHP Scott Garrelts
|
|
Batting: RHB Ric Despaux
|
0-0: Ground out 6-3 (Groundball, 6, EV 98.8 MPH)
|
|
Batting: RHB Jerry Johnson
|
0-0: Swinging Strike 0-1: Ground out U3 (Groundball, 34, EV 86.9 MPH)
|
|
Batting: RHB Dave Clements
|
0-0: Called Strike 0-1: Foul Ball, location: 2F 0-2: Ball 1-2: Ball 2-2: Foul Ball, location: 2F 2-2: Ground out 6-3 (Groundball, 6, EV 101.9 MPH)
|
| Bottom of the 2nd over - 0 runs, 0 hits, 0 errors, 0 left on base; Cocoa 0 - St. Petersburg 0 |
| TOP OF THE 3RD |
|
Cocoa Flyers batting - Pitching for St. Petersburg Saints : LHP James Haight
|
|
Batting: RHB Danny Arroyo
|
0-0: Fly out, F3 (Popup, 3S, EV 84.4 MPH)
|
|
Batting: LHB Gary Robertson
|
0-0: Fly out, F1 (Line Drive, P, EV 73.8 MPH)
|
|
Batting: LHB Mike Jones
|
0-0: Called Strike 0-1: Swinging Strike 0-2: Ball 1-2: Foul Ball, location: 2F 1-2: Foul Ball, location: 2F 1-2: DOUBLE (Flyball, 78D, EV 95.6 MPH)
|
|
Batting: RHB Larry McNutt
|
0-0: Fly out, F4 (Popup, 4S, EV 82.5 MPH)
|
| Top of the 3rd over - 0 runs, 1 hit, 0 errors, 1 left on base; Cocoa 0 - St. Petersburg 0 |
| BOTTOM OF THE 3RD |
|
St. Petersburg Saints batting - Pitching for Cocoa Flyers : RHP Scott Garrelts
|
|
Batting: RHB Randy Ingle
|
0-0: Ground out 4-3 (Groundball, 4M, EV 83.8 MPH)
|
|
Batting: RHB Roberto Alvarez
|
0-0: Called Strike 0-1: Ball 1-1: Called Strike 1-2: Ball 2-2: Foul Ball, location: 2F 2-2: Foul Ball, location: 2F 2-2: Strikes out swinging, 2-3 out at first.
|
|
Batting: RHB Pablo Carballo
|
0-0: Called Strike 0-1: Called Strike 0-2: Foul Ball, location: 2F 0-2: Strikes out swinging
|
| Bottom of the 3rd over - 0 runs, 0 hits, 0 errors, 0 left on base; Cocoa 0 - St. Petersburg 0 |
| TOP OF THE 4TH |
|
Cocoa Flyers batting - Pitching for St. Petersburg Saints : LHP James Haight
|
|
Batting: LHB Clint Hurdle
|
0-0: Called Strike 0-1: Called Strike 0-2: Strikes out swinging
|
|
Batting: SHB Michael Palmer
|
0-0: Foul Ball, location: 2F 0-1: Ball 1-1: SOLO HOME RUN (Flyball, 7LD, EV 108.8 MPH), Distance : 352 ft
|
|
Batting: RHB Lorenzo Quintanilla
|
0-0: Ground out 6-3 (Groundball, 6, EV 101.9 MPH)
|
|
Batting: RHB Miguel Dominguez
|
0-0: Ball 1-0: Ball 2-0: Fly out, F5 (Popup, 5, EV 69.4 MPH)
|
| Top of the 4th over - 1 run, 1 hit, 0 errors, 0 left on base; Cocoa 1 - St. Petersburg 0 |
| BOTTOM OF THE 4TH |
|
St. Petersburg Saints batting - Pitching for Cocoa Flyers : RHP Scott Garrelts
|
|
Batting: LHB Al Leboeuf
|
0-0: Swinging Strike 0-1: Swinging Strike 0-2: Strikes out swinging
|
|
Batting: LHB Terry Blocker
|
0-0: Foul Ball, location: 2F 0-1: Ground out 6-3 (Groundball, 6M, EV 83.1 MPH)
|
|
Batting: RHB Rock Coyle
|
0-0: Called Strike 0-1: Ball 1-1: Ball 2-1: Called Strike 2-2: Fly out, F4 (Popup, 4MD, EV 56.9 MPH)
|
| Bottom of the 4th over - 0 runs, 0 hits, 0 errors, 0 left on base; Cocoa 1 - St. Petersburg 0 |
| TOP OF THE 5TH |
|
Cocoa Flyers batting - Pitching for St. Petersburg Saints : LHP James Haight
|
|
Batting: RHB Jorge Diaz
|
0-0: Ball 1-0: Foul Ball, location: 2F 1-1: Ball 2-1: Ball 3-1: Foul Ball, location: 2F 3-2: Foul Ball, location: 2F 3-2: Strikes out swinging
|
|
Batting: RHB Danny Arroyo
|
0-0: Ball 1-0: Called Strike 1-1: Ball 2-1: Ball 3-1: Swinging Strike 3-2: Fly out, F7 (Flyball, 7S, EV 80.6 MPH)
|
|
Batting: LHB Gary Robertson
|
0-0: Called Strike 0-1: Ball 1-1: SINGLE (Flyball, 6D, EV 89.4 MPH)
|
|
Pitching: RHP Michael Nedelisky
|
|
|
Batting: LHB Mike Jones
|
0-0: Ball 1-0: Ball 2-0: SINGLE (Line Drive, 78M, EV 105.0 MPH) Gary Robertson to second
|
|
Batting: RHB Larry McNutt
|
0-0: Called Strike 0-1: Foul Ball, location: 2F 0-2: Strikes out swinging
|
| Top of the 5th over - 0 runs, 2 hits, 0 errors, 2 left on base; Cocoa 1 - St. Petersburg 0 |
| BOTTOM OF THE 5TH |
|
St. Petersburg Saints batting - Pitching for Cocoa Flyers : RHP Scott Garrelts
|
|
Batting: RHB Ric Despaux
|
0-0: Swinging Strike 0-1: Swinging Strike 0-2: Strikes out swinging
|
|
Batting: RHB Jerry Johnson
|
0-0: Ball 1-0: Foul Ball, location: 2F 1-1: Fly out, F3 (Popup, 34, EV 73.8 MPH)
|
|
Batting: RHB Dave Clements
|
0-0: Ball 1-0: Ball 2-0: Ground out 5-3 (Groundball, 25, EV 73.8 MPH)
|
| Bottom of the 5th over - 0 runs, 0 hits, 0 errors, 0 left on base; Cocoa 1 - St. Petersburg 0 |
| TOP OF THE 6TH |
|
Cocoa Flyers batting - Pitching for St. Petersburg Saints : RHP Michael Nedelisky
|
|
Batting: LHB Clint Hurdle
|
0-0: Ball 1-0: Ball 2-0: Ball 3-0: Base on Balls
|
|
Batting: SHB Michael Palmer
|
0-0: Called Strike 0-1: Ball 1-1: Ball 2-1: Ball 3-1: Swinging Strike 3-2: Base on Balls Clint Hurdle to second
|
|
Pinch Runner at 2nd Leotis Butler:
|
|
|
Batting: RHB Lorenzo Quintanilla
|
0-0: Bunt missed! 0-1: Ball 1-1: Bunt - Flyout to P! F1
|
|
Batting: RHB Miguel Dominguez
|
0-0: Foul Ball, location: 2F 0-1: Ball 1-1: Ground out U3 (Groundball, 34S, EV 72.5 MPH) Leotis Butler to third Michael Palmer to second
|
|
Batting: RHB Jorge Diaz
|
0-0: Called Strike 0-1: Fly out, F7 (Line Drive, 7D, EV 102.5 MPH)
|
| Top of the 6th over - 0 runs, 0 hits, 0 errors, 2 left on base; Cocoa 1 - St. Petersburg 0 |
| BOTTOM OF THE 6TH |
|
St. Petersburg Saints batting - Pitching for Cocoa Flyers : RHP Scott Garrelts
|
|
Now at C: Carlos Tirado
|
|
|
Batting: RHB Randy Ingle
|
0-0: Fly out, F6 (Flyball, 56D, EV 98.1 MPH)
|
|
Batting: RHB Roberto Alvarez
|
0-0: Ball 1-0: Fly out, F9 (Flyball, 9LS, EV 88.1 MPH)
|
|
Batting: RHB Pablo Carballo
|
0-0: Fly out, F9 (Line Drive, 9, EV 88.8 MPH)
|
| Bottom of the 6th over - 0 runs, 0 hits, 0 errors, 0 left on base; Cocoa 1 - St. Petersburg 0 |
| TOP OF THE 7TH |
|
Cocoa Flyers batting - Pitching for St. Petersburg Saints : RHP Michael Nedelisky
|
|
Batting: RHB Danny Arroyo
|
0-0: Ball 1-0: Foul Ball, location: 2F 1-1: Ball 2-1: Foul Ball, location: 2F 2-2: Foul Ball, location: 2F 2-2: Fly out, F8 (Flyball, 8RXD, EV 83.1 MPH)
|
|
Pitching: RHP Scott Dwyer
|
|
|
Batting: LHB Gary Robertson
|
0-0: Ball 1-0: Foul Ball, location: 2F 1-1: Foul Ball, location: 2F 1-2: Foul Ball, location: 2F 1-2: Ball 2-2: SOLO HOME RUN (Flyball, 9LD, EV 102.5 MPH), Distance : 355 ft
|
|
Batting: LHB Mike Jones
|
0-0: Ball 1-0: Ball 2-0: Ball 3-0: Called Strike 3-1: Fly out, F3 (Line Drive, 3, EV 69.4 MPH)
|
|
Batting: RHB Larry McNutt
|
0-0: Swinging Strike 0-1: Called Strike 0-2: Ball 1-2: Ball 2-2: Ball 3-2: Base on Balls
|
|
Batting: RHB Carlos Tirado
|
0-0: Ball Larry McNutt steals 2nd base (no throw) 1-0: Ball 2-0: Called Strike 2-1: SINGLE (Line Drive, 34D, EV 96.3 MPH) Larry McNutt to third Runner from 3rd tries for Home, SAFE, throw by RF to home
|
|
Batting: SHB Michael Palmer
|
0-0: Called Strike 0-1: Swinging Strike 0-2: Strikes out swinging
|
| Top of the 7th over - 2 runs, 2 hits, 0 errors, 1 left on base; Cocoa 3 - St. Petersburg 0 |
| BOTTOM OF THE 7TH |
|
St. Petersburg Saints batting - Pitching for Cocoa Flyers : RHP Scott Garrelts
|
|
Batting: LHB Al Leboeuf
|
0-0: Ball 1-0: Ball 2-0: SINGLE (Line Drive, 89S, EV 111.9 MPH)
|
|
Batting: LHB Terry Blocker
|
0-0: Foul Ball, location: 2F 0-1: Called Strike 0-2: Foul Ball, location: 2F 0-2: Ground out 5-3 (Groundball, 56S, EV 86.3 MPH) Al Leboeuf to second
|
|
Batting: RHB Rock Coyle
|
0-0: Fly out, F7 (Flyball, 7LM, EV 92.5 MPH)
|
|
Batting: RHB Ric Despaux
|
0-0: Ball 1-0: Ball 2-0: Fly out, F9 (Flyball, 9, EV 90.0 MPH)
|
| Bottom of the 7th over - 0 runs, 1 hit, 0 errors, 1 left on base; Cocoa 3 - St. Petersburg 0 |
| TOP OF THE 8TH |
|
Cocoa Flyers batting - Pitching for St. Petersburg Saints : RHP Scott Dwyer
|
|
Batting: RHB Lorenzo Quintanilla
|
0-0: Ground out 4-3 (Groundball, 4, EV 109.4 MPH)
|
|
Batting: RHB Miguel Dominguez
|
0-0: Ball 1-0: Ball 2-0: Foul Ball, location: 2F 2-1: Ball 3-1: Called Strike 3-2: Foul Ball, location: 2F 3-2: Foul Ball, location: 2F 3-2: Foul Ball, location: 2F 3-2: Fly out, F8 (Flyball, 8RM, EV 90.6 MPH)
|
|
Pitching: RHP Richard Robinson
|
|
|
Batting: RHB Jorge Diaz
|
0-0: Foul Ball, location: 2F 0-1: Called Strike 0-2: Foul Ball, location: 2F 0-2: Ball 1-2: Ball 2-2: Ground out U3 (Groundball, 34, EV 108.1 MPH)
|
| Top of the 8th over - 0 runs, 0 hits, 0 errors, 0 left on base; Cocoa 3 - St. Petersburg 0 |
| BOTTOM OF THE 8TH |
|
St. Petersburg Saints batting - Pitching for Cocoa Flyers : RHP Scott Garrelts
|
|
Batting: RHB Jerry Johnson
|
0-0: Fly out, F8 (Line Drive, 8LM, EV 103.1 MPH)
|
|
Batting: RHB Dave Clements
|
0-0: Called Strike 0-1: Ball 1-1: Ball 2-1: Called Strike 2-2: Foul Ball, location: 2F 2-2: Foul Ball, location: 2F 2-2: Ball 3-2: Base on Balls
|
|
Batting: RHB Randy Ingle
|
0-0: Ball 1-0: Ball 2-0: Grounds into double play, 5-4-3 (Groundball, 5, EV 77.5 MPH)
|
| Bottom of the 8th over - 0 runs, 0 hits, 0 errors, 0 left on base; Cocoa 3 - St. Petersburg 0 |
| TOP OF THE 9TH |
|
Cocoa Flyers batting - Pitching for St. Petersburg Saints : RHP Richard Robinson
|
|
Batting: RHB Danny Arroyo
|
0-0: Called Strike 0-1: Called Strike 0-2: Ball 1-2: Foul Ball, location: 2F 1-2: Strikes out swinging
|
|
Batting: LHB Gary Robertson
|
0-0: Ball 1-0: Foul Ball, location: 2F 1-1: Ball 2-1: Swinging Strike 2-2: Foul Ball, location: 2F 2-2: Foul Ball, location: 2F 2-2: Strikes out swinging
|
|
Batting: LHB Mike Jones
|
0-0: Called Strike 0-1: Ball 1-1: Foul Ball, location: 2F 1-2: Ball 2-2: Ball 3-2: SINGLE (Groundball, 6M, EV 96.9 MPH)
|
|
Batting: RHB Larry McNutt
|
0-0: Ball Mike Jones steals 2nd base (no throw) 1-0: Intentional Walk
|
|
Batting: RHB Carlos Tirado
|
0-0: Foul Ball, location: 2F 0-1: DOUBLE (Line Drive, 9LD, EV 107.5 MPH) Mike Jones scores Larry McNutt to third Runner from 3rd tries for Home, SAFE, throw by RF to home
|
|
Batting: SHB Michael Palmer
|
0-0: Foul Ball, location: 2F 0-1: Swinging Strike Passed Ball! Carlos Tirado to third 0-2: Foul Ball, location: 2F 0-2: Ball 1-2: Strikes out swinging
|
| Top of the 9th over - 2 runs, 2 hits, 0 errors, 1 left on base; Cocoa 5 - St. Petersburg 0 |
| BOTTOM OF THE 9TH |
|
St. Petersburg Saints batting - Pitching for Cocoa Flyers : RHP Scott Garrelts
|
|
Batting: RHB Roberto Alvarez
|
0-0: Ball 1-0: Ball 2-0: Called Strike 2-1: Ball 3-1: Fly out, F7 (Flyball, 7D, EV 105.0 MPH)
|
|
Batting: RHB Pablo Carballo
|
0-0: Fly out, F7 (Flyball, 7LD, EV 91.9 MPH)
|
|
Batting: LHB Al Leboeuf
|
0-0: Ball 1-0: Ball 2-0: Swinging Strike 2-1: Called Strike 2-2: Strikes out swinging
|
| Bottom of the 9th over - 0 runs, 0 hits, 0 errors, 0 left on base; Cocoa 5 - St. Petersburg 0 |
|